 Dungeon Crawl Stone Soup version 0.19.5 (webtiles) character file.

14358 Inarius the Carver (level 11, -14/94 HPs)
             Began as a Minotaur Fighter on Apr 9, 2017.
             Was an Elder of Trog.
             Demolished by a white ugly thing (57 damage)
             ... on level 12 of the Dungeon on Apr 10, 2017.
             The game lasted 00:58:01 (11590 turns).

Inarius the Carver (Minotaur Fighter)              Turns: 11590, Time: 00:58:02

Health: -14/94     AC: 19    Str: 25    XL:     11   Next: 87%
Magic:  10/10      EV:  8    Int: 10    God:    Trog [****..]
Gold:   240        SH: 12    Dex: 13    Spells: 0 memorised, 10 levels left

rFire  . . .     SeeInvis .     C - +11 long sword "Heotur" {slice, +Rage rC- Str+6}
rCold  x . .     Gourm    .     T - +0 plate armour
rNeg   . . .     Faith    .     c - +0 shield
rPois  .         Spirit   .     (helmet restricted)
rElec  .         Reflect  .     b - +2 cloak
rCorr  .         Harm     +     (no gloves)
MR     .....                    m - +0 pair of boots
Stlth  ..........               A - amulet of harm
                                g - ring of wizardry
                                q - +5 ring of intelligence

@: no status effects
A: retaliatory headbutt, horns 2, weak 1
a: Berserk, Trog's Hand, Brothers in Arms, Burn Spellbooks, Renounce Religion,
Evoke Berserk Rage


You were on level 12 of the Dungeon.
You worshipped Trog.
Trog was greatly pleased with you.
You were not hungry.

You visited 1 branch of the dungeon, and saw 12 of its levels.

You collected 630 gold pieces.
You spent 390 gold pieces at shops.

Inventory:

Hand Weapons
 C - the +11 long sword "Heotur" (weapon) {slice, +Rage rC- Str+6}
   (You found it on level 5 of the Dungeon)

   It inflicts extra damage upon your enemies.
   It affects your strength (+6).
   It makes you vulnerable to cold.
   It lets you go berserk.
 S - a +1 battleaxe
Missiles
 s - 8 poisoned javelins
 y - 10 tomahawks (quivered)
Armour
 b - a +2 cloak (worn)
 c - a +0 shield (worn)
 m - a +0 pair of boots (worn)
 T - a +0 plate armour (worn)
Jewellery
 g - a ring of wizardry (right hand)
 q - a +5 ring of intelligence (left hand)
 A - an amulet of harm (around neck)
Wands
 u - a wand of slowing (23/48)
 L - a wand of acid (8/15)
 N - a wand of flame (8/48)
 O - a wand of random effects (24/48)
 P - a wand of polymorph (14/24)
 W - a wand of hasting (1/9)
Scrolls
 i - 3 scrolls of magic mapping
 j - 3 scrolls of enchant weapon
 k - 3 scrolls of enchant armour {unknown}
 l - 2 scrolls of remove curse
 n - 2 scrolls of fear {unknown}
 r - 3 scrolls of teleportation
 v - 2 scrolls of immolation {unknown}
 B - a scroll of random uselessness {unknown}
 I - a scroll of noise {unknown}
 J - a scroll of silence {unknown}
 Q - a scroll of torment {unknown}
 X - a scroll of vulnerability {unknown}
Potions
 d - 2 potions of might
 e - a potion of heal wounds
 o - 3 potions of brilliance
 p - 2 potions of haste
 t - a potion of ambrosia
 w - a potion of lignification
 z - a potion of resistance
 D - 10 potions of curing
 F - 4 potions of agility
 G - a potion of flight
 K - 2 potions of cancellation {unknown}
 M - a potion of mutation {unknown}
 Y - a potion of cure mutation {unknown}
Miscellaneous
 a - a sack of spiders
 U - a phantom mirror
Comestibles
 f - 10 bread rations
 h - 12 meat rations
 H - 4 fruits
 R - a beef jerky


   Skills:
 + Level 8.2 Fighting
 + Level 10.4 Long Blades
 + Level 6.8 Axes
 + Level 9.8 Throwing
 + Level 10.4 Armour
 + Level 4.7 Dodging
 + Level 2.1 Stealth
 + Level 8.8 Shields


You had 10 spell levels left.
You didn't know any spells.

Dungeon Overview and Level Annotations

Branches:
Dungeon (12/15)            Temple (0/1) D:4            Lair (0/6) D:11
    Orc: D:9-12

Altars:
Ashenzari
Cheibriados
Fedhas
Gozag
Sif Muna
Trog
Vehumet
Xom
Yredelemnul
Zin
The Shining One

Shops:
D:11 }

Annotations:
D:4 Sigmund


Innate Abilities, Weirdness & Mutations

You reflexively headbutt those who attack you in melee.
You have a pair of horns on your head.
You are weak. (Str -2)


Message History

You see here a meat ration.
You feel much better.
All of the chunks of flesh in your inventory have rotted away.
The purple ugly thing basks in the mutagenic energy from its kin and changes!
The spellbook bursts into flames.
Trog is delighted!
You hear the crackling of a distant melting archway.
The white ugly thing is engulfed in roaring flames.
You kill the white ugly thing!
Trog accepts your kill.
You block the white ugly thing's attack.
You see here a meat ration.
Drop what? 49/52 slots (_ for help) (? for menu, Esc to quit)
You drop a book of Geomancy.
The white ugly thing kicks you but does no damage.
The spellbook bursts into flames.
Trog is delighted!
The white ugly thing is engulfed in roaring flames.
The white ugly thing kicks you. The white ugly thing freezes you!!!
You feel a terrible chill!
Ouch! That really hurt!
You die...

.#.#.#.#.#. #.# #%#
#. #.#.#.# #.# #.#
#.# #.# ##
)#.#.#.#.#.#.# #.#
#.# #!# #.#.#
#.###.###.# #.# #.#
.#.#.#.#.#.#.#.# #.#
#.#
#.###.###.###.###.#
#.#
.#.#.#.#.#.#.#.#.#
#.#
###.###.###(###.###W#
.#.#.#.#.#.#)#.#@#†#
#.###.###.###.###u##
### ### ### ### ###


You could see a white ugly thing.

Vanquished Creatures
  Gastronok (D:9)
  Erica (D:9)
  3 hill giants
  Pikel (D:7)
  A manticore (D:9)
  2 ugly things (D:12)
  Maurice (D:9)
  Psyche (D:8)
  A merfolk (D:9)
  A slime creature (D:12)
  A hippogriff (D:12)
  2 wraiths (D:10)
  14 yaks (D:9)
  A hungry ghost (D:9)
  A water moccasin (D:11)
  A soldier ant (D:12)
  Duvessa (D:7)
  A slave (D:7)
  2 orc warriors
  3 sky beasts
  A black bear (D:10)
  An ice beast (D:6)
  2 phantoms (D:9)
  3 centaurs
  6 ogres
  A crocodile (D:11)
  A big kobold (D:9)
  3 bullfrogs (D:11)
  A wyvern zombie (D:11)
  Dowan (D:7)
  3 scorpions
  17 killer bees
  3 howler monkeys
  A bullfrog zombie (D:10)
  4 crimson imps
  4 centaur zombies
  4 jellies
  2 centaur skeletons
  3 hounds
  6 orc priests
  7 orc wizards
  Jessica (D:3)
  2 iguanas
  7 worker ants
  A killer bee zombie (D:7)
  2 hound zombies
  3 hound skeletons
  4 gnolls (D:10)
  14 adders
  4 shadow imps
  An adder zombie (D:5)
  An adder skeleton (D:8)
  A worm (D:3)
  A dart slug (D:3)
  6 leopard geckos
  28 orcs
  5 giant cockroaches
  7 goblins
  8 hobgoblins
  2 quokkas (D:5)
  4 bats
  4 frilled lizards
  8 kobolds
  A quokka skeleton (D:5)
  A quokka zombie (D:6)
  2 rats (D:2)
232 creatures vanquished.

Notes
Turn   | Place    | Note
-------+----------+-------------------------------------------
     0 | D:1      | Inarius the Minotaur Fighter began the quest for the Orb.
     0 | D:1      | Reached XP level 1. HP: 19/19 MP: 0/0
   213 | D:1      | Reached XP level 2. HP: 26/26 MP: 1/1
   762 | D:2      | Reached XP level 3. HP: 30/33 MP: 2/2
  1028 | D:2      | You fall through a shaft!
  1181 | D:3      | Noticed Jessica
  1201 | D:3      | Killed Jessica
  1201 | D:3      | Reached XP level 4. HP: 24/40 MP: 3/3
  1674 | D:3      | Reached skill level 1 in Dodging
  1699 | D:3      | Found a glowing silver altar of Zin.
  1791 | D:3      | Found a bloodstained altar of Trog.
  1797 | D:3      | Found a shimmering altar of Xom.
  1811 | D:3      | Became a worshipper of Trog the Wrathful
  1885 | D:3      | Found a shattered altar of Ashenzari.
  1887 | D:3      | Found a deep blue altar of Sif Muna.
  1887 | D:3      | Found a glowing golden altar of the Shining One.
  1946 | D:3      | Reached skill level 5 in Shields
  2032 | D:3      | Reached XP level 5. HP: 46/46 MP: 4/4
  2516 | D:4      | Found a staircase to the Ecumenical Temple.
  2591 | D:4      | Noticed Sigmund
  2668 | D:5      | Entered Level 5 of the Dungeon
  2936 | D:5      | Reached skill level 5 in Armour
  2936 | D:5      | Reached XP level 6. HP: 53/53 MP: 5/5
  3411 | D:5      | Reached skill level 5 in Axes
  3445 | D:5      | Reached skill level 1 in Throwing
  3787 | D:5      | Got a smoking long sword
  3791 | D:5      | Identified the +11 long sword "Heotur" {slice, +Rage rC- Str+6} (You found it on level 5 of the Dungeon)
  4084 | D:6      | Reached XP level 7. HP: 60/60 MP: 6/6
  4183 | D:6      | Reached * piety under Trog
  4306 | D:6      | Reached skill level 5 in Fighting
  4680 | D:6      | Reached skill level 1 in Long Blades
  5004 | D:6      | Reached XP level 8. HP: 50/68 MP: 7/7
  5380 | D:7      | Reached skill level 1 in Stealth
  5556 | D:7      | Noticed Pikel
  5583 | D:7      | Killed Pikel
  5743 | D:7      | Noticed Duvessa
  5744 | D:7      | Noticed Dowan
  5753 | D:7      | Killed Dowan
  5755 | D:7      | Killed Duvessa
  5867 | D:7      | Found a shattered altar of Ashenzari.
  6264 | D:8      | Reached XP level 9. HP: 56/74 MP: 8/8
  6266 | D:8      | Reached skill level 5 in Long Blades
  6629 | D:8      | Reached ** piety under Trog
  6677 | D:8      | Noticed Psyche
  6680 | D:8      | Killed Psyche
  6877 | D:8      | Found a snail-covered altar of Cheibriados.
  7223 | D:8      | Reached skill level 5 in Throwing
  7307 | D:8      | Found an opulent altar of Gozag.
  7353 | D:8      | Gained mutation: You are weak. (Str -2) [mutagenic meat]
  7864 | D:9      | Noticed Erica
  7876 | D:9      | Killed Erica
  7876 | D:9      | Reached XP level 10. HP: 49/84 MP: 9/9
  8102 | D:9      | Reached *** piety under Trog
  8358 | D:9      | Noticed a manticore
  8368 | D:9      | Killed a manticore
  8464 | D:9      | Noticed Maurice
  8525 | D:9      | Killed Maurice
  8692 | D:9      | Noticed Gastronok
  8704 | D:9      | Killed Gastronok
  8704 | D:9      | Reached XP level 11. HP: 84/92 MP: 10/10
  9169 | D:9      | Found a basalt altar of Yredelemnul.
  9169 | D:9      | Found a radiant altar of Vehumet.
  9170 | D:9      | Found a blossoming altar of Fedhas.
  9255 | D:10     | Entered Level 10 of the Dungeon
  9403 | D:10     | Got a translucent war axe
  9499 | D:10     | Identified the cursed +2 war axe of Misery {drain, rC+ Str-3 Int+3 SInv} (You found it on level 10 of the Dungeon)
 10035 | D:10     | Reached **** piety under Trog
 10097 | D:10     | Noticed a hill giant
 10125 | D:10     | Received a gift from Trog
 10129 | D:10     | Killed a hill giant
 10642 | D:11     | Noticed a hill giant
 10650 | D:11     | Killed a hill giant
 10794 | D:11     | Found Zyvauxt's Gadget Shop.
 10810 | D:11     | Bought a phantom mirror for 390 gold pieces
 11121 | D:11     | Found a staircase to the Lair.
 11125 | D:11     | Reached skill level 10 in Armour
 11330 | D:12     | Noticed a red ugly thing
 11336 | D:12     | Killed a red ugly thing
 11336 | D:12     | Reached skill level 10 in Long Blades
 11546 | D:12     | Noticed a hill giant
 11556 | D:12     | Killed a hill giant
 11556 | D:12     | Received a gift from Trog
 11571 | D:12     | Noticed a white ugly thing
 11571 | D:12     | Noticed a brown ugly thing
 11585 | D:12     | Killed a white ugly thing
 11590 | D:12     | Demolished by a white ugly thing

Skill      XL: |  1  2  3  4  5  6  7  8  9 10 11 |
---------------+----------------------------------+-----
Shields        | 4 5 6 7 8 |  8.8
Armour         | 4 5 6 7 8 9 10 | 10.4
Axes           | 3 4 5 6 |  6.8
Fighting       | 4 5 6 7 8 |  8.2
Dodging        | 1 2 3 4 |  4.7
Throwing       | 1 2 4 5 8 9 |  9.8
Long Blades    | 1 4 8 9 10 | 10.4
Stealth        | 1 2 |  2.1

Action                   |  1- 3 |  4- 6 |  7- 9 | 10-12 || total
-------------------------+-------+-------+-------+-------++-------
Melee: War axe           |    71 |   150 |       |       ||   221
       Headbutt          |     8 |    19 |    20 |    36 ||    83
       Long sword        |       |     5 |   121 |   156 ||   282
Throw: Tomahawk          |       |    17 |    68 |   125 ||   210
Invok: Burn Spellbooks   |       |       |       |     3 ||     3
       Berserk           |       |       |       |     1 ||     1
  Use: Scroll            |       |     6 |     6 |     4 ||    16
       Potion            |       |       |     2 |     1 ||     3
  Eat: Chunk             |     1 |     6 |     9 |     5 ||    21
       Royal jelly       |       |     1 |       |       ||     1
       Beef jerky        |       |     1 |     2 |       ||     3
       Fruit             |       |       |     2 |     1 ||     3
       Meat ration       |       |       |     1 |     1 ||     2
Armor: Scale mail        |    41 |    48 |    24 |       ||   113
       Ring mail         |       |       |    10 |     3 ||    13
       Plate armour      |       |       |       |    97 ||    97
Dodge: Dodged            |    18 |    47 |    38 |    40 ||   143
Block: Shield            |    38 |    89 |    55 |    95 ||   277
       Rpst.: Long sword |       |       |     9 |    12 ||    21
